 Dungeon Crawl Stone Soup version 0.31-a0-1-g4198be8af4 (webtiles) character file.

Game seed: 10077859455860505619

20274 bande the Cleaver (level 12, -2/75 HPs)
             Began as a Gargoyle Fighter on May 2, 2023.
             Was a High Priest of Okawaru.
             Slain by Rupert
             ... wielding a +2 vampiric battleaxe
              (9 damage)
             ... on level 3 of the Lair of Beasts.
             The game lasted 00:19:02 (10995 turns).

bande the Cleaver (Gargoyle Fighter)               Turns: 10995, Time: 00:19:03

Health: -2/75      AC: 27    Str: 21    XL:     12   Next: 77%
Magic:  16/16      EV:  8    Int:  9    God:    Okawaru [*****.]
Gold:   1552       SH:  0    Dex: 16    Spells: 11/11 levels left

rFire   + . .        J - +4 broad axe of Tonke {heavy, rN+ Dex+3}
rCold   . . .        c - +0 buckler
rNeg    + + .        f - +0 chain mail
rPois   ∞            m - +1 helmet {SInv}
rElec   +            (no cloak)
rCorr   .            y - +1 pair of gloves
SInv    +            n - +1 pair of boots
Will    .....        l - amulet of regeneration Stlth
                     q - ring of protection from fire
HPRegen 1.12/turn    O - ring of flight
MPRegen 0.15/turn

%: no passive effects
@: confused, flying
A: sickness immunity, AC +8, negative energy resistance 1, electricity
resistance, torment resistance 1, petrification resistance
a: Renounce Religion, Heroism, Finesse, Duel


You were on level 3 of the Lair of Beasts.
You worshipped Okawaru.
Okawaru was extremely pleased with you.
You visited 2 branches of the dungeon, and saw 12 of its levels.
You also visited: Ossuary.

You collected 1829 gold pieces.
You spent 277 gold pieces at shops.

Inventory:

Hand Weapons
 a - a +1 war axe of flaming
 E - a +0 war axe
 J - the +4 broad axe of Tonke (weapon) {heavy, rN+ Dex+3}
   (You acquired it on level 2 of the Lair of Beasts)

   Dex:       It affects your dexterity (+3).
   rN:        It protects you from negative energy.
Armour
 c - a +0 buckler (worn)
 f - a +0 chain mail (worn)
 m - a +1 helmet of see invisible (worn)
 n - a +1 pair of boots (worn)
 y - a +1 pair of gloves (worn)
Jewellery
 l - an amulet of regeneration (around neck)
 q - a ring of protection from fire (left hand)
 r - a ring of wizardry
 F - a ring of ice
 L - a ring of magical power
 O - a ring of flight (right hand)
Wands
 i - a wand of iceblast (14)
 s - a wand of mindburst (5)
 B - a wand of light (9)
 K - a wand of flame (14)
 M - a wand of digging (4)
Scrolls
 b - 3 scrolls of enchant weapon
 h - 4 scrolls of poison
 o - 11 scrolls of teleportation
 u - 2 scrolls of magic mapping
 v - 3 scrolls of amnesia
 x - 3 scrolls of identify
 A - a scroll of brand weapon
 C - 2 scrolls of blinking
Potions
 d - 3 potions of might
 e - 3 potions of invisibility
 g - 2 potions of flight
 j - 5 potions of ambrosia
 k - 5 potions of brilliance
 p - a potion of berserk rage
 t - 3 potions of curing
 w - a potion of heal wounds
 z - 2 potions of resistance
 D - a potion of mutation
 G - 2 potions of cancellation
 H - 2 potions of haste
Miscellaneous
 I - a box of beasts


   Skills:
 + Level 8.9 Fighting
 + Level 12.6 Axes
 + Level 9.6 Armour
 + Level 7.7 Shields
 * Level 6.6 Invocations
 * Level 6.6 Evocations


You had 11 spell levels left.
You didn't know any spells.
Your spell library contained the following spells:

 Spells                   Type           Power      Damage    Failure   Level
 Blink                    Tloc           0%         N/A       98%         2
 Ensorcelled Hibernation  Hex/Ice        0%         N/A       98%         2
 Lesser Beckoning         Tloc           0%         N/A       98%         2
 Momentum Strike          Conj/Tloc      0%         3d8       98%         2
 Spider Form              Tmut/Pois      0%         N/A       100%        3
 Anguish                  Hex/Necr       0%         N/A       100%        4


Dungeon Overview and Level Annotations

Branches:
Dungeon (9/15)             Temple (0/1) D:7            Lair (3/5) D:9
  Swamp (0/4) Lair:3       Spider (0/4) Lair:2      Ossuary (visited)
    Orc: D:9-12

Altars:
Ashenzari
Gozag
Kikubaaqudgha
Okawaru
Vehumet
Xom
The Shining One

Shops:
D:5 :   D:8 ?(!

Annotations:
Lair:3 Rupert


Innate Abilities, Weirdness & Mutations

You are immune to sickness and miasma.
Your stone body is resilient. (AC +8)
You are immune to poison.
You resist negative energy. (rN+)
You are resistant to electric shocks. (rElec)
You are resistant to unholy torment.
You are immune to petrification.


Message History

You slice Rupert!!
Rupert is moderately wounded.
You slice the plant!! You block Rupert's attack.
Rupert screams, "Give me the Holy Grail!"
Rupert hits you but does no damage.
You slice Rupert!!
Rupert is heavily wounded.
You slice the plant!!
Rupert hits you with a +2 vampiric battleaxe!
You open Rupert like a pillowcase!!!
Rupert is severely wounded.
You slash the plant!
A nearby plant withers and dies.
Rupert yells loudly at you.
You suddenly lose the ability to move!
Rupert hits you with a +2 vampiric battleaxe.
You can move again.
You slash Rupert!
Rupert is almost dead.
Rupert barely misses you. Rupert hits you but does no damage.
You slash Rupert!
Rupert is almost dead.
Rupert hits you with a +2 vampiric battleaxe!
You barely miss Rupert.
Rupert is almost dead.
Rupert yells loudly at you.
You are confused.
Rupert roars madly and goes into a rage!
Rupert goes berserk!
Rupert hits you with a +2 vampiric battleaxe!
Rupert hits you but does no damage. x2
You open the fungus like a pillowcase!!!
The fungus begins to die.
The fungus is lightly damaged.
You closely miss Rupert.
Rupert hits you with a +2 vampiric battleaxe! x2
* * * LOW HITPOINT WARNING * * *
Rupert hits you with a +2 vampiric battleaxe!
* * * LOW HITPOINT WARNING * * *
Rupert hits you with a +2 vampiric battleaxe!
You die...

.............P.......
........P.8..P.......
.......PP....P.####..
P.####..P..P...# #.. #.
##..PPP.....##.. ##
#..........#... .##P.
####......#...#...
......#..#......#.......
#...@............#...
####.@......#..####..
##P.......#####...
###.[............
#.P..............
...................
....................
....................
....................


You could see Rupert (berserk).

Vanquished Creatures
  The ghost of Qore Oha the Thaumaturge, a journeyman GnFE of Cheibriados (Lair:1)
  3 hydras
  The ghost of ytrimaz the Nimble, a journeyman DjFE of Ashenzari (D:9)
  A two-headed ogre (D:8)
  The ghost of pigah the Slasher, a novice FoCK of Xom (D:5)
  The ghost of Keeumabr the Thrower, a novice GnWn of Ignis (D:5)
  The ghost of themarg the Summoner, a novice MfSu (D:5)
  2 black mambas (Lair:2)
  9 cane toads
  2 rime drakes
  4 komodo dragons
  Psyche (D:9)
  A troll (D:8)
  2 hornets (D:9)
  A dream sheep (Lair:2)
  4 blink frogs (Lair:2)
  A shadow (D:9)
  9 yaks
  A redback (Lair:2)
  6 wyverns
  A basilisk (Lair:3)
  An acid dragon (D:9)
  6 water moccasins
  An ice beast (D:8)
  2 sky beasts (D:7)
  3 ogres
  5 black bears
  3 wolves (D:9)
  5 centaurs
  2 phantoms (D:6)
  5 bullfrogs
  13 scorpions
  7 wights
  13 killer bees
  A vampire bat (Lair:1)
  2 howler monkeys
  An electric eel (Lair:3)
  4 crimson imps (D:5)
  A hound (D:6)
  2 centaur zombies (Ossuary)
  3 human zombies (Ossuary)
  3 jellies
  9 orc priests
  A gnoll bouda (Lair:2)
  Terence (D:2)
  6 iguanas
  2 sleepcaps
  Natasha (thrice) (D:4)
  10 orc wizards
  6 scorpion zombies (Ossuary)
  4 mummies
  Robin (D:1)
  7 adders
  3 white imps
  2 worms (D:4)
  3 dart slugs (D:1)
  32 orcs
  6 endoplasms
  12 hobgoblins
  9 jackals
  8 ball pythons
  9 bats
  A frilled lizard (D:3)
  13 goblins
  A goblin skeleton (D:4)
  2 goblin zombies
  6 hobgoblin zombies
  7 kobolds
  A kobold zombie (Ossuary)
  2 orc zombies
  5 rats
308 creatures vanquished.

Vanquished Creatures (others)
  An orc priest (D:9)
  An orc wizard (D:9)
  25 fungi
  5 plants
32 creatures vanquished.

Grand Total: 340 creatures vanquished

Notes
Turn   | Place    | Note
-------+----------+-------------------------------------------
     0 | D:1      | bande the Gargoyle Fighter began the quest for the Orb.
     0 | D:1      | Reached XP level 1. HP: 14/14 MP: 1/1
   366 | D:1      | Reached XP level 2. HP: 19/19 MP: 2/2
   774 | D:2      | Noticed Robin
   790 | D:1      | Reached skill level 2 in Axes
   796 | D:1      | Reached XP level 3. HP: 17/23 MP: 3/3
  1114 | D:1      | Killed Robin
  1258 | D:2      | Noticed Terence
  1269 | D:2      | Killed Terence
  1270 | D:2      | Reached XP level 4. HP: 29/29 MP: 4/4
  1509 | D:2      | Found a faded altar of an unknown god.
  1527 | D:2      | Noticed a scorpion
  1535 | D:2      | Killed a scorpion
  1536 | D:2      | Reached skill level 3 in Axes
  1536 | D:2      | Reached XP level 5. HP: 30/33 MP: 5/5
  1782 | D:2      | Identified a scroll of acquirement
  1782 | D:2      | Acquired 878 gold pieces
  2534 | D:3      | Reached XP level 6. HP: 35/38 MP: 6/6
  2535 | D:3      | Reached skill level 4 in Axes
  3128 | D:3      | Reached XP level 7. HP: 18/44 MP: 7/7
  3346 | D:4      | Noticed Natasha
  3353 | D:4      | Killed Natasha
  3354 | D:4      | Reached skill level 5 in Axes
  3502 | D:4      | Reached skill level 5 in Armour
  3509 | D:4      | Found a glowing golden altar of the Shining One.
  3566 | D:4      | Noticed Natasha
  3570 | D:4      | Killed Natasha
  3588 | D:4      | Noticed Natasha
  3600 | D:4      | Killed Natasha
  3614 | D:5      | Entered Level 5 of the Dungeon
  3656 | D:5      | Found a shimmering altar of Xom.
  3910 | D:5      | Reached skill level 6 in Axes
  3971 | D:5      | Found Ecanite's Book Shoppe.
  4015 | D:5      | Reached XP level 8. HP: 48/48 MP: 8/8
  4029 | D:5      | Found a sand-covered staircase.
  4040 | Ossuary  | Entered an ossuary
  4075 | Ossuary  | Reached skill level 5 in Fighting
  4131 | Ossuary  | Reached skill level 7 in Axes
  4270 | Ossuary  | Reached skill level 8 in Axes
  4315 | Ossuary  | Reached XP level 9. HP: 55/55 MP: 9/9
  4317 | Ossuary  | Reached skill level 5 in Shields
  4625 | D:5      | Reached skill level 1 in Evocations
  4806 | D:6      | Found an ancient bone altar of Kikubaaqudgha.
  4934 | D:6      | Found a runed translucent gate.
  4934 | D:6      | Found a runed translucent gate.
  4934 | D:6      | Found a runed translucent gate.
  4945 | D:6      | Noticed themarg's ghost (novice MfSu)
  4946 | D:6      | Noticed Keeumabr's ghost (novice GnWn)
  4946 | D:6      | Noticed pigah's ghost (novice FoCK)
  5191 | D:6      | Reached skill level 9 in Axes
  5693 | D:5      | Killed pigah's ghost
  5694 | D:5      | Killed Keeumabr's ghost
  5695 | D:5      | Reached XP level 10. HP: 12/61 MP: 10/10
  5874 | D:5      | Killed themarg's ghost
  6118 | D:7      | Found an iron altar of Okawaru.
  6127 | D:7      | Became a worshipper of Warmaster Okawaru
  6165 | D:7      | Reached skill level 10 in Axes
  6322 | D:7      | Reached skill level 1 in Invocations
  6335 | D:7      | Found an opulent altar of Gozag.
  6386 | D:7      | Found a broken altar of Ashenzari.
  6396 | D:7      | Identified the +4 dagger of Wyulid {speed, rElec}
  6490 | D:7      | Found a staircase to the Ecumenical Temple.
  6498 | D:7      | Reached * piety under Okawaru
  6795 | D:8      | Found Xalaq's Weapon Shoppe.
  6905 | D:8      | Noticed a two-headed ogre
  6914 | D:8      | Killed a two-headed ogre
  7171 | D:8      | Reached ** piety under Okawaru
  7347 | D:8      | Found a radiant altar of Vehumet.
  7520 | D:8      | Reached XP level 11. HP: 67/67 MP: 13/13
  7572 | D:8      | Found Duluiv's Magic Scroll Shoppe.
  7575 | D:8      | Bought a scroll of brand weapon for 133 gold pieces
  7575 | D:8      | Bought a scroll of teleportation for 42 gold pieces
  7575 | D:8      | Bought a scroll of teleportation for 42 gold pieces
  7789 | D:8      | Found Qaosyzeu's Distillery.
  7792 | D:8      | Bought a potion of heal wounds for 60 gold pieces
  8098 | D:9      | Found a staircase to the Lair.
  8135 | D:9      | Reached *** piety under Okawaru
  8152 | D:9      | Reached skill level 11 in Axes
  8429 | D:9      | Reached skill level 5 in Evocations
  8694 | D:9      | Noticed Psyche
  8705 | D:9      | Killed Psyche
  8705 | D:9      | Reached **** piety under Okawaru
  8807 | D:9      | Found a runed translucent gate.
  8807 | D:9      | Found a runed translucent gate.
  8807 | D:9      | Found a runed translucent gate.
  8812 | D:9      | Noticed ytrimaz's ghost (journeyman DjFE)
  8843 | D:9      | Killed ytrimaz's ghost
  8952 | Lair:1   | Entered Level 1 of the Lair of Beasts
  8957 | Lair:1   | Noticed a four-headed hydra
  8972 | Lair:1   | Killed a one-headed hydra
  9013 | Lair:1   | Reached skill level 5 in Invocations
  9318 | Lair:1   | Reached XP level 12. HP: 61/74 MP: 15/15
  9412 | Lair:1   | Found a runed translucent door.
  9416 | Lair:1   | Noticed Qore Oha's ghost (journeyman GnFE)
  9644 | Lair:1   | Killed Qore Oha's ghost
  9644 | Lair:1   | Reached ***** piety under Okawaru
  9720 | Lair:2   | Reached skill level 12 in Axes
  9909 | Lair:2   | Acquired the +4 broad axe of Tonke {heavy, rN+ Dex+3}
  9968 | Lair:2   | Found a hole to the Spider Nest.
 10296 | Lair:2   | Identified the +1 leather armour "Jimex" {rN+ Stlth+}
 10358 | Lair:2   | Received a gift from Okawaru
 10557 | Lair:2   | Noticed a seven-headed hydra
 10566 | Lair:2   | Killed a three-headed hydra
 10751 | Lair:3   | Found a staircase to the Swamp.
 10859 | Lair:3   | Noticed a five-headed hydra
 10874 | Lair:3   | Killed a one-headed hydra
 10978 | Lair:3   | Noticed Rupert
 10985 | Lair:3   | Paralysed by Rupert for 2 turns
 10995 | Lair:3   | Slain by Rupert

Illustrated notes

Levels and vault maps discovered:
D:1:      matt_arrival_grand_opening, layout_loops_ring
D:2:      layout_basic, basic_ecumenical_altar, minmay_misc_feat_columns,
          st_stairs_12, uniq_terence, uniq_robin
D:3:      corexii_shack_village, layout_rooms, serial_rivers,
          chequers_serial_rivers_small_b, chequers_serial_rivers_micro_b,
          chequers_serial_rivers_small_a, chequers_serial_rivers_small_a,
          minmay_misc_feat_roman
D:4:      layout_rooms, nicolae_tso_besieged_by_evil,
          chequers_serial_rivers_small_a, minmay_misc_feat_hallway,
          kennysheep_dice, uniq_natasha
D:5:      layout_basic, led_xom_imps, serial_shops, shop,
          gup_ossuary_entry_pyramid
D:6:      layout_loops_corners, mainiacjoe_overflow_cross_hatched,
          gammafunk_ghost_cemetery
D:7:      layout_basic, nicolae_gozag_cash_rules_everything_around_me,
          lemuel_doored_altar, mainiacjoe_overflow_paths,
          minmay_temple_entry_trees
D:8:      layout_layer_cave, general_overflow_altar, serial_shops,
          kennysheep_mini_moat, nicolae_shop_window_shopping,
          nicolae_shop_bloodbath_and_beyond
D:9:      layout_roguey, minmay_lair_entry_grove, ebering_ghost_rock_garden,
          nicolae_nh_ransacked_shop, uniq_psyche
Lair:1:   layout_roguey, hellmonk_ghost_happy_afterlife, roderic_batcave,
          beast_lair_carwin_1
Lair:2:   layout_chaotic_city, spider_nest_entry_rubble,
          dreamdust_gnoll_shepherd
Lair:3:   layout_regular_city, swamp_mist_pool, grunt_forest_small_clearings,
          dreamdust_mushroom_princess, uniq_rupert

Skill      XL: |  1  2  3  4  5  6  7  8  9 10 11 12 |
---------------+-------------------------------------+-----
Axes           | 2 3 4 6 8 9 10 11 12 | 12.6
Shields        | 4 5 6 7 |  7.7
Fighting       | 4 5 6 7 8 |  8.9
Armour         | 4 5 6 7 8 9 |  9.6
Evocations     | 3 4 5 6 |  6.6
Invocations    | 3 5 6 |  6.6

Action                     |  1- 3 |  4- 6 |  7- 9 | 10-12 || total
---------------------------+-------+-------+-------+-------++-------
  Melee: War axe           |    68 |   156 |   364 |   643 ||  1231
         Broad axe         |       |       |       |    41 ||    41
    Use: Scroll            |     8 |     4 |    10 |     7 ||    29
         Potion            |     1 |       |     2 |     1 ||     4
 Armour: Scale mail        |    41 |     7 |       |       ||    48
         Chain mail        |       |   116 |   271 |   445 ||   832
  Dodge: Dodged            |    33 |    77 |   123 |   262 ||   495
  Block: Buckler           |    23 |    31 |    94 |   177 ||   325

Table legend: (Time is in decaauts)
 A = Elapsed time spent in this place.
 B = Non-inter-level travel time spent in this place.
 C = Inter-level travel time spent in this place.
 D = Time resting spent in this place.
 E = Time spent auto-exploring this place.
 F = Levels seen in this place.
 G = Mean time per level.
                   A        B        C        D        E       F      G
               +--------+--------+--------+--------+--------+-----+--------+
         Total |  11160 |  10864 |    296 |   1898 |   6274 |  13 |  858.5 |
       Dungeon |   8749 |   8473 |    276 |   1571 |   4962 |   9 |  972.1 |
          Lair |   2046 |   2026 |     20 |    327 |   1203 |   3 |  682.0 |
       Ossuary |    363 |    363 |      0 |      0 |    109 |   1 |  363.0 |
               +--------+--------+--------+--------+--------+-----+--------+

Top non-repeatable levels by time:
     D:8: 1246 daAuts
     D:5: 1182 daAuts
     D:1: 1176 daAuts
  Lair:2: 1041 daAuts
     D:3: 996 daAuts
     D:6: 955 daAuts
     D:2: 937 daAuts
     D:9: 931 daAuts
  Lair:1: 749 daAuts
     D:7: 717 daAuts
     D:4: 607 daAuts
 Ossuary: 363 daAuts
  Lair:3: 255 daAuts
